 Dungeon Crawl Stone Soup version 0.30.1-11-g7821555f0a (webtiles) character file.

Game seed: 11311955253500676756

168 KittyFluff the Cudgeller (level 5, -3/49 HPs)
             Began as a Gargoyle Berserker on Nov 11, 2023.
             Was a Believer of Trog.
             Slain by a goblin
             ... wielding a +0 club
             ... led by Robin
              (6 damage)
             ... on level 3 of the Dungeon.
             The game lasted 00:07:58 (2243 turns).

KittyFluff the Cudgeller (Gargoyle Berserker)       Turns: 2243, Time: 00:07:59

Health: -3/49      AC:  7    Str: 23    XL:     5   Next: 48%
Magic:  5/5        EV: 11    Int:  7    God:    Trog [**....]
Gold:   56         SH:  0    Dex:  9    Spells: 4/4 levels left

rFire   . . .        a - +0 mace
rCold   . . .        (no shield)
rNeg    + . .        e - +0 leather armour
rPois   ∞            (no helmet)
rElec   +            (no cloak)
rCorr   .            (no gloves)
SInv    .            (no boots)
Will    .....        (no amulet) Stlth
                     (no ring)
HPRegen 0.28/turn    (no ring)
MPRegen 0.09/turn

%: no passive effects
@: berserking, hasted, very quick
A: sickness immunity, AC +4, negative energy resistance 1, electricity
resistance, torment resistance 1, petrification resistance
a: Renounce Religion, Berserk, Trog's Hand


You were on level 3 of the Dungeon.
You worshipped Trog.
Trog was pleased with you.
You visited 1 branch of the dungeon, and saw 3 of its levels.

You collected 56 gold pieces.

Inventory:

Hand Weapons
 a - a +0 mace (weapon)
Armour
 e - a +0 leather armour (worn)
 i - a scarf of shadows
 j - the +7 Kryia's mail coat {PotionHeal*2 rC+}
   (You found it on level 2 of the Dungeon)

   PotionHeal*2: Potions heal its wearer twice as much.
   rC:        It protects you from cold.
Scrolls
 b - a scroll of immolation {unknown}
 c - a scroll of amnesia {unknown}
 f - 2 scrolls of magic mapping
 g - a scroll of poison
 h - a scroll of enchant armour {unknown}
 k - a scroll of identify {unknown}
 n - a scroll of silence {unknown}
Potions
 m - a potion of curing {unknown}


   Skills:
 + Level 3.8 Fighting
 * Level 4.1 Maces & Flails
 * Level 3.8 Armour
 + Level 2.1 Dodging
 + Level 1.8 Stealth


You had 4 spell levels left.
You didn't know any spells.
Your spell library was empty.

Dungeon Overview and Level Annotations

Branches:
Dungeon (3/15)

Altars:

Shops:
D:3 [

Annotations:
D:3 Robin


Innate Abilities, Weirdness & Mutations

You are immune to sickness and miasma.
Your stone body is resilient. (AC +4)
You are immune to poison.
You resist negative energy. (rN+)
You are resistant to electric shocks. (rElec)
You are resistant to unholy torment.
You are immune to petrification.


Message History

The goblin is moderately wounded.
The goblin hits you with a +0 club. x2
You barely miss the goblin.
The goblin is moderately wounded.
The goblin barely misses you. The goblin hits you but does no damage.
You closely miss the goblin.
The goblin is moderately wounded.
The goblin hits you but does no damage. x2
You sock the goblin!
You kill the goblin!
Trog accepts your kill. The goblin hits you with a +0 club.
* * * LOW HITPOINT WARNING * * *
The goblin hits you with a +0 club.
* * * LOW HITPOINT WARNING * * *
Robin throws the goblin at you! The goblin completely misses you.
It was a potion of haste.
You feel yourself speed up. The goblin completely misses you.
The goblin closely misses you.
It was a potion of berserk rage.
A red film seems to cover your vision as you go berserk!
You feel yourself moving faster!
You feel mighty!
You barely miss the goblin.
The goblin is moderately wounded.
Robin throws the goblin at you! The goblin hits you with a +0 club.
* * * LOW HITPOINT WARNING * * *
The goblin misses you. The goblin closely misses you.
You closely miss the goblin.
The goblin is moderately wounded.
The goblin hits you with a +0 club.
* * * LOW HITPOINT WARNING * * *
The goblin hits you but does no damage. The goblin completely misses you.
You closely miss the goblin.
The goblin is moderately wounded.
The goblin hits you but does no damage. x3
You hit the goblin.
You kill the goblin!
Trog accepts your kill.
The goblin no longer looks unusually strong.
The goblin hits you with a +0 club.
You die...

...# ***,*,,....,,,,,,,,,,,,,,,,,
...#####..,,...,....#.......,,*,*
.........###..,*#...#.......,,,,,
.............,,**..g.......,,,*,*
...########.#****#.g#...g#,*,,*,*
...########.######.......#,,,,,,*
.....<..............#...#***,,*,*
#.#########.######..#...# *,,*,*
#.# #.# #g@gg...).# *,,*,, #.#
#.###g##g.##..# *,,*,* #.#
#.............###*,,*,*
###########...............#*,,*,*
........................###*,,*,*
###########.######..###.#***,,*,,
#.# #........,,,,*,*
###########^# ##.###.###****,*
#...........# #.# *.# *,*


You could see Robin, a hobgoblin (strong) and 3 goblins.

Vanquished Creatures
  A black bear (D:3)
  An adder (D:2)
  A worm (D:2)
  A dart slug (D:1)
  5 endoplasms
  2 giant cockroaches (D:2)
  14 goblins
  4 hobgoblins
  3 jackals (D:1)
  2 quokkas (D:2)
  4 ball pythons
  4 bats
  5 frilled lizards
  3 kobolds
  9 rats
59 creatures vanquished.

Notes
Turn   | Place    | Note
-------+----------+-------------------------------------------
     0 | D:1      | KittyFluff the Gargoyle Berserker began the quest for the
                  | Orb.
     0 | D:1      | Reached XP level 1. HP: 14/14 MP: 1/1
   178 | D:1      | Reached XP level 2. HP: 19/19 MP: 2/2
   794 | D:1      | Reached XP level 3. HP: 7/23 MP: 3/3
  1325 | D:2      | Found the +7 Kryia's mail coat {PotionHeal*2 rC+}
  1384 | D:2      | Reached skill level 1 in Stealth
  1428 | D:2      | Reached ** piety under Trog
  1723 | D:2      | Reached XP level 4. HP: 28/28 MP: 4/4
  1985 | D:3      | Found Foclaib's Armour Shoppe.
  2082 | D:3      | Noticed a black bear
  2095 | D:3      | Killed a black bear
  2096 | D:3      | Reached skill level 4 in Maces & Flails
  2096 | D:3      | Reached XP level 5. HP: 33/33 MP: 5/5
  2226 | D:3      | Noticed Robin
  2243 | D:3      | Slain by a goblin

Illustrated notes

Levels and vault maps discovered:
D:1:      dpeg_arrival_long_road, layout_basic
D:2:      layout_loops_cross, nicolae_titane
D:3:      layout_basic, riverfiend_overflow_shadow_ancestor,
          mainiacjoe_overflow_paths, serial_shops, shop, uniq_robin

Skill      XL: |  1  2  3  4 |
---------------+-------------+-----
Stealth        | 1 |  1.8
Armour         | 3 |  3.8
Maces & Flails | 4 |  4.1
Dodging        | 2 |  2.1
Fighting       | |  3.8

Action                     |  1- 3 |  4- 6 || total
---------------------------+-------+-------++-------
  Melee: Mace              |   119 |    54 ||   173
 Invoke: Berserk           |       |     1 ||     1
    Use: Scroll            |       |     2 ||     2
         Potion            |       |     2 ||     2
   Stab: Sleeping          |     1 |       ||     1
 Armour: Animal skin       |     9 |       ||     9
         Leather armour    |    42 |    48 ||    90
  Dodge: Dodged            |    70 |    54 ||   124
